[Event "*** SCC Grand Prix: Titled Tuesday Blitz"]
[Site "Chess.com"]
[Date "2020.10.06"]
[Round "10"]
[White "Kildepiotr"]
[Black "Balla_Tamas"]
[Result "1-0"]
[WhiteElo "2594"]
[BlackElo "2444"]
[TimeControl "180+1"]
[EndTime "11:58:38 PDT"]
[Termination "Kildepiotr won by resignation"]

1. Nf3 c5 2. g3 Nc6 3. Bg2 g6 4.
O-O Bg7 5. c3 e6 6. d3 Nge7 7.
e4 O-O 8. Be3 b6 9. a4 Bb7 10. Nbd2 d5 11. Nb3 Qd7 12. a5 Rad8 13.
axb6 axb6 14. Qc1 f5 15. Bh6 c4 16. Bxg7 Kxg7 17. exd5 exd5 18. Nbd4 Nxd4 19. Nxd4 Nc6 20. Qf4 Rfe8 21. Nxc6 Bxc6 22. Qd4+ Kg8 23. Qxb6 Rb8 24. Qd4 cxd3 25. Ra7 Rb7 26. Rxb7 Qxb7 27. Qxd3 Qxb2 28. Bxd5+ Bxd5 29. Qxd5+ Kh8 30. Qd4+ Kg8 31. Qc4+ Kh8 32. Rd1 Qe2 33. Qd4+ Kg8 34. Ra1 Qe5 35. Qc4+ Qe6 36. Qb5 Rc8 37. Qb7 Qc6 38. Qe7 Qc7 39. Qe6+ Kh8 40. Ra7 Qxa7 41. Qxc8+ Kg7 42. Qc6 Qa1+ 43.
Kg2 Qe1 44. c4 Qc3 45. Qd5 h5 46. h4 Kf6 47. c5 Qe5 48. Qd8+ Kf7 49. Qd7+ Kf6 50.
c6 Qe4+ 51. Kh2 Qf3 52. Qd6+ Kf7 53. Qc5 f4 54. c7 fxg3+ 55. fxg3 Qe2+ 56. Kg1 Qd1+ 57. Kg2 Qe2+ 58. Qf2+ Qxf2+ 59. Kxf2 1-0

[Event "*** SCC Grand Prix: Titled Tuesday Blitz"]
[Site "Chess.com"]
[Date "2020.10.06"]
[Round "10"]
[White "SilviusTiberius"]
[Black "GlennTipton"]
[Result "1-0"]
[WhiteElo "2633"]
[BlackElo "2433"]
[TimeControl "180+1"]
[EndTime "11:58:38 PDT"]
[Termination "SilviusTiberius won by checkmate"]

1. e4 e5 2. Nf3 Nc6 3. Bb5 a6 4. Ba4 Nf6 5. O-O Be7 6. Re1 b5 7.
Bb3 d6 8. c3 O-O 9. h3 Na5 10.
Bc2 c5 11. d4 Nd7 12. d5 Nb6 13.
b3 f5 14. exf5 Bxf5 15. Bxf5 Rxf5 16. c4 bxc4 17. Bd2 cxb3 18. axb3 Nb7 19. Nc3 c4 20. b4 a5 21. bxa5 Rxa5 22. Rb1 Nc5 23. Ne4 Nbd7 24.
Bxa5 Qxa5 25. Nxc5 Nxc5 26. Nd4 Rf8 27. Nc6 Qc7 28.
Qc2 Nd3 29. Rf1 Bh4 30. g3 Qd7 31. Qxc4 Nf4 32. gxf4 Qxh3 33. Rb3 Qg4+ 34. Kh2 Rxf4 35. Qd3 Bxf2 36. Qh3 Bg1+ 37. Rxg1 Rf2+ 38. Kh1 Qe4+ 39. Rg2 Rf1+ 40. Kh2 Qf4+ 41. Rbg3 g6 42. Qe6+ Kg7 43. Qe7+ Kh6 44. Qe6 Qc1 45. Rh3+ Kg7 46. Qe7+ Kg8 47.
Qxh7+ Kf8 48. Qh8+ Kf7 49. Rh7# 1-0

[Event "*** SCC Grand Prix: Titled Tuesday Blitz"]
[Site "Chess.com"]
[Date "2020.10.06"]
[Round "10"]
[White "Alindsay211"]
[Black "vinniethepooh"]
[Result "1-0"]
[WhiteElo "2432"]
[BlackElo "2553"]
[TimeControl "180+1"]
[EndTime "11:58:39 PDT"]
[Termination "Alindsay211 won by resignation"]

1. e4 c5 2. Nf3 d6 3. d4 cxd4 4. Nxd4 Nf6 5. Nc3 a6 6. Be3 e5 7.
Nb3 Be7 8. f3 O-O 9. Qd2 Be6 10.
O-O-O Nbd7 11. Kb1 b5 12. g4 b4 13. Nd5 Bxd5 14.
exd5 Nb6 15. Bxb6 Qxb6 16. Qd3 Rfc8 17. Nd2 Rc7 18. h4 Rac8 19. Rc1 a5 20. Ne4 Nd7 21. g5 a4 22. Bh3 Rb8 23. Bxd7 Rxd7 24. h5 Rc7 25.
Rhg1 a3 26. b3 Kh8 27. h6 g6 28. Qd2 Rbc8 29. Rh1 Qb5 30. Rhf1 Rxc2 31. Rxc2 Qxf1+ 32.
Rc1 Rxc1+ 33. Qxc1 Qd3+ 34. Qc2 Qf1+ 35. Qc1 Qd3+ 36. Qc2 Qa6 37. Qc4 Qxc4 38. bxc4 Kg8 39. Kc2 Bd8 40. Kb3 Bb6 41. Nxd6 Bc5 42. Ne4 Bd4 43. c5 Kf8 44. Kxb4 Ke7 45. Kxa3 Kd7 46. Kb4 Kc7 47. Kb5 Be3 48. d6+ Kd7 49. c6+ Ke6 50. d7 Ke7 51. Kc4 Bb6 52. Kd5 Bc7 53. a4 Kd8 54.
Nf6 Ke7 55. Nxh7 Kd8 56. Nf6 1-0

[Event "*** SCC Grand Prix: Titled Tuesday Blitz"]
[Site "Chess.com"]
[Date "2020.10.06"]
[Round "10"]
[White "Sergey85Rodchenkov"]
[Black "queen_iryna"]
[Result "1-0"]
[WhiteElo "2456"]
[BlackElo "2309"]
[TimeControl "180+1"]
[EndTime "11:58:39 PDT"]
[Termination "Sergey85Rodchenkov won by resignation"]

1. e4 d6 2. d4 Nf6 3. Nc3 e5 4. Nf3 Nbd7 5. Bc4 Be7 6. O-O O-O 7. Re1 c6 8. a4 h6 9. h3 Re8 10. a5 Bf8 11. d5 b5 12. axb6 Nxb6 13. Bb3 cxd5 14.
Nxd5 Nfxd5 15. Bxd5 Nxd5 16. Qxd5 Be6 17. Qd3 Qf6 18.
c4 Qg6 19. Kh2 Be7 20. b3 f5 21. Ba3 Red8 22. Rad1 f4 23. Qe2 Qf7 24. Rd3 a5 25. Red1 a4 26. Bxd6 Bxd6 27. Rxd6 Rxd6 28. Rxd6 axb3 29.
Qb2 Bxc4 30. Nxe5 Qc7 31. Rc6 Ra2 32. Rxc7 Rxb2 33. Rxc4 Rxf2 34. Rb4 b2 35. Nd3 Re2 36. Nxf4 Rxe4 37. Rb8+ Kh7 38. Nd3 Re7 39. Nxb2 Ra7 40. Nd3 Rd7 41. Nf4 Ra7 42. h4 Ra4 43. g3 Ra5 44. h5 Rc5 45. Kh3 Ra5 46. Kg4 Rg5+ 47. Kh4 Ra5 48. Rb7 Ra8 49. Ne6 Rg8 50. Rf7 Kh8 51.
Kg4 Re8 52. Kf5 Ra8 53. Rf8+ Rxf8+ 54. Nxf8 Kg8 55. Ne6 Kf7 56. g4 Kg8 57. Kg6 Kh8 58. Nxg7 Kg8 59. Nf5 Kh8 60. Kxh6 Kg8 61. Kg6 Kh8 62.
h6 Kg8 63. Ng3 Kh8 64. Ne4 Kg8 65. Ng5 Kh8 66. Nf7+ 1-0

[Event "*** SCC Grand Prix: Titled Tuesday Blitz"]
[Site "Chess.com"]
[Date "2020.10.06"]
[Round "10"]
[White "boasovietica"]
[Black "Arfan48"]
[Result "0-1"]
[WhiteElo "2434"]
[BlackElo "2319"]
[TimeControl "180+1"]
[EndTime "11:58:40 PDT"]
[Termination "Arfan48 won on time"]

1. e4 g6 2. d4 Bg7 3. Ne2 d6 4.
c4 b6 5. Nbc3 Bb7 6. Be3 Nd7 7.
Qd2 e6 8. f3 h6 9. h4 Ne7 10.
O-O-O a6 11. Kb1 Nf6 12. g4 Qd7 13. Ng3 O-O-O 14. Be2 Kb8 15. g5 Nfg8 16. f4 d5 17. cxd5 exd5 18. e5 Nf5 19. Nxf5 Qxf5+ 20. Bd3 Qd7 21.
Qf2 Ne7 22. Ne2 Nf5 23. Ng3 Nxe3 24. Qxe3 hxg5 25. hxg5 Qg4 26. Be2 Qe6 27. Qf3 Qe7 28. f5 Qxg5 29. f6 Rxh1 30. Rxh1 Bh6 31. Qg4 Qd2 32. Rd1 Qb4 33. Qh4 Bf8 34. Qh7 Rd7 35. e6 Rd8 36. e7 Bxe7 37. fxe7 Qxe7 38. Bd3 Qf6 39. Ne2 Rh8 40. Rh1 Rxh7 41. Rxh7 Bc6 42.
Kc2 Kb7 43. a3 Qe6 44. b3 g5 45. Rg7 Qf6 46. Rg8 Bb5 47. Bxb5 axb5 48. Kd2 Qf5 49.
Re8 g4 0-1

[Event "*** SCC Grand Prix: Titled Tuesday Blitz"]
[Site "Chess.com"]
[Date "2020.10.06"]
[Round "10"]
[White "Bulldog167"]
[Black "TomiLen"]
[Result "0-1"]
[WhiteElo "2759"]
[BlackElo "2588"]
[TimeControl "180+1"]
[EndTime "11:58:41 PDT"]
[Termination "TomiLen won by resignation"]

1. e4 e6 2. Ke2 d5 3. d3 Nf6 4.
f3 c5 5. g3 Nc6 6. c3 b6 7.
Ke1 Be7 8. Bg2 O-O 9. Ne2 Ba6 10. Be3 e5 11. Bf2 Qc7 12. Qc2 Rad8 13. Nd2 dxe4 14. dxe4 Bd3 15. Qc1 c4 16. Nf1 Na5 17. Ne3 Nb7 18. Nf5 Bc5 19. Qg5 Ne8 20. Rd1 f6 21. Qc1 Ned6 22. Ne3 Bxe3 23. Bxe3 Nc5 24. Kf2 Ndb7 25. Rhe1 Rd6 26. Kg1 Rfd8 27. Rd2 a5 28. Qd1 b5 29. Nc1 a4 30. a3 Nb3 31. Nxb3 axb3 32.
Qc1 Nc5 33. Red1 Na4 34. f4 Bc2 35. Rxd6 Rxd6 36. Rf1 Rd8 37. fxe5 Qxe5 38. Bf4 Qe7 39. Kh1 Bxe4 40. Re1 Bxg2+ 41. Kxg2 Qb7+ 42. Kh3 Qd7+ 43.
Kg2 Re8 44. Rxe8+ Qxe8 45. Qd2 h6 46. Qd5+ Kh8 47. Qd2 Qe4+ 48. Kh3 Kh7 49. Qf2 Qf5+ 50. g4 Qd3+ 51. Bg3 Qc2 52. Qa7 Nxb2 53. Bd6 Qd3+ 54. Bg3 Nd1 55. g5 hxg5 56. a4 b2 0-1

[Event "*** SCC Grand Prix: Titled Tuesday Blitz"]
[Site "Chess.com"]
[Date "2020.10.06"]
[Round "10"]
[White "ehrenfeld"]
[Black "Loy_Konstantin"]
[Result "1-0"]
[WhiteElo "2502"]
[BlackElo "2353"]
[TimeControl "180+1"]
[EndTime "11:58:43 PDT"]
[Termination "ehrenfeld won by resignation"]

1. e4 c5 2. Nc3 Nc6 3. Bb5 Nd4 4. Nf3 g6 5. Bc4 Bg7 6. O-O d6 7. Nxd4 cxd4 8. Nd5 Nf6 9. Nxf6+ Bxf6 10. d3 O-O 11. f4 e6 12. Bb3 Bg7 13. Bd2 d5 14. Qf3 dxe4 15. dxe4 d3 16. c3 a5 17. Be3 a4 18.
Bc4 a3 19. b3 Bxc3 20. Rad1 d2 21. e5 Qc7 22. Bxd2 Bxd2 23. Rxd2 Bd7 24. Rfd1 Bc6 25. Qe3 Rfd8 26. Bf1 Rd5 27. Rxd5 Bxd5 28. Rc1 Qd8 29.
Qc5 b6 30. Qb4 Kg7 31. Bb5 h5 32. Rc3 Qf8 33. Qxf8+ Kxf8 34. Kf2 Ke7 35. g3 Kd8 36.
Ke3 Bf3 37. Kxf3 Ra5 38. Bd3 Rd5 39. Ke3 Kd7 40. b4 Kd8 41. Rxa3 Rd7 42. Ra8+ Ke7 43. Rb8 Ra7 44. Bc4 Ra3+ 45. Bb3 Ra6 46. b5 Ra7 47. Rxb6 Rc7 48. Kd4 Rc1 49. Rb7+ Kf8 50.
a4 Rb1 51. Kc3 Rc1+ 52. Kb4 Rh1 53. a5 Rxh2 54. a6 1-0

[Event "*** SCC Grand Prix: Titled Tuesday Blitz"]
[Site "Chess.com"]
[Date "2020.10.06"]
[Round "10"]
[White "maximnovik"]
[Black "Meri-Arabidze"]
[Result "0-1"]
[WhiteElo "2545"]
[BlackElo "2703"]
[TimeControl "180+1"]
[EndTime "11:58:45 PDT"]
[Termination "Meri-Arabidze won by resignation"]

1. d4 d5 2. c4 e6 3. Nc3 Nf6 4. cxd5 exd5 5. Bg5 Nbd7 6. e3 c6 7. Bd3 Be7 8. Nge2 O-O 9. Qc2 Re8 10. O-O-O Nf8 11. f3 b5 12. e4 dxe4 13. fxe4 Ng4 14.
Bxe7 Qxe7 15. Rde1 b4 16. Na4 Nf2 17. Rhf1 Nxd3+ 18. Qxd3 Qxe4 19. Qxe4 Rxe4 20. Nc5 Re8 21. Nf4 Bf5 22. Nfd3 Bxd3 23. Nxd3 a5 24. Ne5 Ne6 25.
Nxc6 Rec8 26. d5 Nd4 27. Kb1 Nxc6 28. dxc6 Rxc6 29. Re7 f6 30. Rc1 Rac8 31. Rxc6 Rxc6 32. Ra7 Rc5 33. b3 h5 34. g3 Kh7 35. a3 bxa3 36. Ka2 Rc2+ 37. Kxa3 Rxh2 38. Rxa5 Rg2 39.
Rxh5+ Kg6 40. Rh3 Kg5 41. b4 Kg4 42. Rh7 Rxg3+ 43. Kb2 g5 44. b5 Re3 45. b6 Re6 46.
b7 Rb6+ 47. Kc3 f5 48. Kc4 f4 49. Kc5 Rb1 50. Kc6 f3 51. Rf7 Kg3 52. Rf5 Rxb7 53. Kxb7 g4 54. Kc6 f2 55. Kd5 Kg2 56. Ke4 g3 57.
Ke3 f1=Q 0-1

[Event "*** SCC Grand Prix: Titled Tuesday Blitz"]
[Site "Chess.com"]
[Date "2020.10.06"]
[Round "10"]
[White "Semetey"]
[Black "DanielDardha2005"]
[Result "1-0"]
[WhiteElo "2523"]
[BlackElo "2674"]
[TimeControl "180+1"]
[EndTime "11:58:47 PDT"]
[Termination "Semetey won by resignation"]

1. d4 Nf6 2. c4 e6 3. Nc3 Bb4 4. e3 O-O 5. Ne2 Re8 6. a3 Bf8 7. g3 d5 8. cxd5 exd5 9. Bg2 a5 10. O-O Na6 11. Nf4 c6 12. Bd2 g6 13. Rb1 h5 14.
h3 Nc7 15. Rc1 Bf5 16. Re1 Qd7 17. Kh2 Bd6 18. Na4 Qd8 19. Nc5 b6 20. Nb7 Qd7 21.
Nxd6 Qxd6 22. Qb3 b5 23. Nd3 h4 24. Ne5 hxg3+ 25. fxg3 Ra6 26. Rf1 Ne4 27. Bxe4 Bxe4 28. Nxf7 Qe6 29. Rf4 Bf5 30. Nh6+ Kg7 31. Nxf5+ gxf5 32. Rcf1 Rf8 33. Qc2 Ne8 34. Rxf5 Rxf5 35. Rxf5 Nf6 36.
Rg5+ Kf8 37. Qg6 Ra7 38. Rf5 Rf7 39. Bxa5 Ng4+ 40. Qxg4 Rxf5 41. Bb4+ Ke8 42. Kg2 Qf7 43. Qe2 Qe6 44. Qd3 Qf6 45. Be1 Rf3 46. Qe2 Rf5 47.
g4 Qg5 48. Bh4 Qg6 49. Qc2 Rf6 50. Qxg6+ Rxg6 51. Bg3 Kf7 52. Kf3 Re6 53. Be5 Kg6 54. h4 c5 55. Kf4 c4 56. h5+ Kf7 57. g5 b4 58. axb4 Rb6 59. g6+ Ke6 60. h6 Rxb4 61. h7 Rb7 62. h8=Q Rg7 63. Qxg7 1-0

[Event "*** SCC Grand Prix: Titled Tuesday Blitz"]
[Site "Chess.com"]
[Date "2020.10.06"]
[Round "10"]
[White "CM_rui"]
[Black "GMJustin"]
[Result "0-1"]
[WhiteElo "2345"]
[BlackElo "2275"]
[TimeControl "180+1"]
[EndTime "11:58:49 PDT"]
[Termination "GMJustin won on time"]

1. e4 e5 2. Nf3 Nc6 3. Bb5 a6 4. Ba4 Nf6 5. O-O Be7 6. Re1 b5 7. Bb3 d6 8. c3 O-O 9. h3 a5 10. d4 a4 11. Bc2 Bd7 12. Nbd2 Re8 13. Nf1 h6 14. Ng3 Bf8 15. Be3 g6 16. Qd2 Kh7 17.
Nh2 Na5 18. b3 axb3 19. axb3 c5 20. d5 Ng8 21. f4 exf4 22. Bxf4 c4 23. b4 Nb3 24. Bxb3 cxb3 25. Qb2 Qh4 26. Rxa8 Rxa8 27. Ne2 Ra2 28. Qb1 Rxe2 29. Rxe2 Qxf4 30. Qxb3 Qc1+ 31. Nf1 Bg7 32. Rf2 Nf6 33. Kh2 Nxe4 34. Rxf7 Bf5 35. Ng3 Qf4 36. c4 bxc4 37. Qa3 c3 38. Qa7 Qxg3+ 39.
Kg1 Qe5 40. Qc7 Nd2 41. b5 c2 42. b6 Qd4+ 43. Kh2 Qe5+ 44. Kg1 Nc4 45. Qxc4 Qe3+ 46.
Kh2 c1=Q 47. Rxg7+ Kxg7 48. Qb4 Kf6 49. b7 Qf4+ 0-1

[Event "*** SCC Grand Prix: Titled Tuesday Blitz"]
[Site "Chess.com"]
[Date "2020.10.06"]
[Round "10"]
[White "aloe_normansen"]
[Black "dominikaf"]
[Result "1-0"]
[WhiteElo "2355"]
[BlackElo "2250"]
[TimeControl "180+1"]
[EndTime "11:58:49 PDT"]
[Termination "aloe_normansen won on time"]

1. e4 e5 2. Nf3 Nc6 3. d4 exd4 4. Nxd4 Bc5 5. Nb3 Bb6 6. Nc3 Nge7 7. Be2 d6 8. O-O O-O 9. Bg5 h6 10. Bh4 g5 11. Bg3 f5 12. exf5 Nxf5 13. Bc4+ Kg7 14. Kh1 Nxg3+ 15. fxg3 Rxf1+ 16. Qxf1 Ne5 17. a4 Qf6 18. a5 Qxf1+ 19. Bxf1 Bc5 20. Nd5 Bf5 21. Nxc5 dxc5 22. Re1 Nc6 23. Nxc7 Rc8 24. Ne8+ Kg6 25. Nd6 Rc7 26. Nxf5 Kxf5 27. Bd3+ Kf6 28. Rf1+ Ke5 29. Rf5+ Kd4 30. h4 gxh4 31. gxh4 Nxa5 32. Rf4+ Kd5 33. Rf5+ Ke6 34. Rh5 c4 35. Rxa5 cxd3 36. cxd3 a6 37.
Kh2 Rc2 38. b4 Rb2 39. Ra4 Kf6 40. Kh3 Rb3 41. Kg4 Rxd3 42. Kh5 Rg3 43. Ra2 Rb3 44. Kxh6 Rxb4 45. Rf2+ Ke7 46. h5 Rg4 47. Rb2 b5 48.
Ra2 b4 49. Rxa6 Rxg2 50. Rb6 Rg4 51. Kh7 Kf7 52. h6 Rf4 53. Rb7+ Kf8 54. Kg6 Rg4+ 55.
Kf5 1-0

[Event "*** SCC Grand Prix: Titled Tuesday Blitz"]
[Site "Chess.com"]
[Date "2020.10.06"]
[Round "10"]
[White "Happy1712Drummer"]
[Black "chessplayer9919"]
[Result "0-1"]
[WhiteElo "2397"]
[BlackElo "2595"]
[TimeControl "180+1"]
[EndTime "11:58:50 PDT"]
[Termination "chessplayer9919 won by checkmate"]

1. d4 Nf6 2. Nf3 e6 3. c3 c5 4. Bg5 Nc6 5. e3 Be7 6. Nbd2 d5 7. Bb5 O-O 8. O-O Nd7 9. Bf4 a6 10. Bd3 Re8 11. h4 Bxh4 12. Nxh4 Qxh4 13. Nf3 Qe7 14.
dxc5 e5 15. Bg5 f6 16. Bh4 e4 17. Bc2 exf3 18. Qxd5+ Kh8 19. Qh5 Nf8 20. gxf3 Qe5 21. Qf7 Be6 22. Qxb7 Qxc5 23. Bg3 Ne5 24. Be4 Rab8 25.
Qxa6 f5 26. b4 Qc7 27. Bc2 Qxc3 28. Rac1 Bc4 29. Bxf5 Qxc1 30. Rxc1 Bxa6 31. Kg2 Bb7 32. Be4 Bxe4 33. fxe4 Rxb4 34. Rc5 Rxe4 35. Rc7 h5 36. Bf4 Nfg6 37. Bg5 Rg4+ 38. Kf1 Rxg5 39. f4 Rf5 40. Ke2 Nxf4+ 41. exf4 Rxf4 42. Ke3 Ng6+ 43. Kd3 h4 44. Kd2 h3 45. Rc3 Rh4 46. Rxh3 Re2+ 47. Kxe2 Rxh3 48. a4 Ra3 49. a5 Ne7 50. a6 Nc8 51. a7 Nb6 52. Kd2 Na8 53. Kc2 g5 54. Kd2 g4 55. Ke2 g3 56. Kf1 Ra2 57. Kg1 Kg7 58.
Kf1 Kg6 59. Kg1 Kg5 60. Kf1 Kg4 61. Ke1 Kf3 62. Kd1 Rf2 63. Kc1 Nb6 64. Kb1 g2 65.
Kc1 Nd5 66. Kd1 g1=R# 0-1

[Event "*** SCC Grand Prix: Titled Tuesday Blitz"]
[Site "Chess.com"]
[Date "2020.10.06"]
[Round "10"]
[White "Deepweb2020"]
[Black "teacher4chess"]
[Result "1-0"]
[WhiteElo "2219"]
[BlackElo "2005"]
[TimeControl "180+1"]
[EndTime "11:58:50 PDT"]
[Termination "Deepweb2020 won by resignation"]

1. d4 e6 2. c4 b6 3. g3 Bb7 4. Nf3 Nf6 5. Bg2 c5 6. O-O cxd4 7. Qxd4 Nc6 8. Qd1 Bc5 9. b3 O-O 10. Bb2 Qe7 11. Nc3 Rad8 12. Qc1 d5 13. cxd5 Nxd5 14. Nxd5 Rxd5 15. a3 Rd7 16. b4 Bd4 17. e3 Bxb2 18.
Qxb2 Rfd8 19. Rac1 f6 20. Rc2 Qf7 21. h3 Ne7 22.
Rfc1 Qh5 23. g4 Qh6 24. Rc7 Bxf3 25. Bxf3 Qxh3 26. Be2 Ng6 27. Qb3 Rd5 28. Qc4 Nh4 29. Qe4 R8d6 30. Rc8+ Kf7 31. R8c7+ Rd7 32. R7c6 Re5 33.
Qh1 Qxh1+ 34. Kxh1 Rd2 35. R1c2 Rxc2 36. Rxc2 Kg6 37.
Bd3+ Kh6 38. Rc7 Rd5 39. Rc3 Nf3 40. Be2 Ne5 41. f4 Ng6 42. Kg2 Rd2 43. Kf3 Nh4+ 44.
Kf2 g5 45. Rc6 gxf4 46. exf4 Rd4 47. Ke3 Rd7 48. Rxe6 Ng6 49. Rxf6 Kg7 50. Re6 Kf7 51. f5 Nh4 52. Bc4 Kg7 53. Be2 Kf7 54. Rh6 Ng2+ 55. Kf3 Ne1+ 56. Kf2 Nc2 57. Rxh7+ Ke8 58. Bb5 1-0

[Event "*** SCC Grand Prix: Titled Tuesday Blitz"]
[Site "Chess.com"]
[Date "2020.10.06"]
[Round "10"]
[White "awesomevishesh"]
[Black "PotapovaM"]
[Result "1-0"]
[WhiteElo "2437"]
[BlackElo "2538"]
[TimeControl "180+1"]
[EndTime "11:58:51 PDT"]
[Termination "awesomevishesh won by checkmate"]

1. e4 c5 2. Nf3 d6 3. Bb5+ Nd7 4. O-O a6 5. Bd3 g6 6. c3 Ngf6 7. Bc2 Bg7 8. d4 O-O 9. Qe2 e5 10. Rd1 Qe7 11. a4 b6 12. h3 Bb7 13. d5 Nh5 14.
Na3 Nf4 15. Qf1 Qf6 16. Nh2 Qh4 17. Nc4 Qe7 18. g3 Nh5 19. Qe2 Ra7 20. h4 Rfa8 21. Be3 b5 22. Na5 Qd8 23. Nc6 Bxc6 24. dxc6 Ndf6 25. Bxc5 Rc7 26. Bb6 Rb8 27. Bxc7 Qxc7 28.
axb5 axb5 29. Ra6 Ne8 30. Bb3 Kh8 31. Bd5 Nhf6 32. Rda1 b4 33. Ra7 Qb6 34. Rb7 Rxb7 35. cxb7 Nxd5 36. Qa6 Qc7 37. exd5 e4 38. Qc6 Qe7 39.
b8=Q Bf8 40. Qbxe8 Qxe8 41. Qxe8 Kg7 42. Ra8 e3 43.
Qxf8+ Kf6 44. fxe3 Kf5 45. Qxd6 Ke4 46. Qxb4+ Kd3 47. d6 Kc2 48. d7 f5 49. d8=Q f4 50. Qe4+ Kc1 51. Qdd3 f3 52. Qc2# 1-0

[Event "*** SCC Grand Prix: Titled Tuesday Blitz"]
[Site "Chess.com"]
[Date "2020.10.06"]
[Round "10"]
[White "norwaytoadog"]
[Black "MPGM"]
[Result "1-0"]
[WhiteElo "2318"]
[BlackElo "2437"]
[TimeControl "180+1"]
[EndTime "11:58:51 PDT"]
[Termination "norwaytoadog won by resignation"]

1. e4 e5 2. Nf3 Nc6 3. Bb5 Nge7 4.
c3 Ng6 5. d4 Be7 6. d5 Nb8 7.
c4 O-O 8. Be3 Bb4+ 9. Nbd2 d6 10.
O-O Bxd2 11. Nxd2 f5 12. f3 Nd7 13. b4 Nf6 14. c5 fxe4 15. Nxe4 Nxe4 16. fxe4 Nf4 17.
g3 Ng6 18. Qh5 Bd7 19. Bxd7 Qxd7 20. Rf5 Ne7 21. Rxf8+ Rxf8 22. Rf1 Rxf1+ 23. Kxf1 h6 24. Kg2 Qc8 25. Qe2 a6 26. h3 Qe8 27. Qg4 Ng6 28. Qf5 Nf8 29. h4 Qb5 30. cxd6 cxd6 31. Qf2 Qxb4 32.
Qf5 Qb2+ 33. Kh3 Qxa2 34. Qg4 Qb3 35. Bxh6 g6 36. Qc8 Qf3 37. Qe8 Qh1+ 38. Kg4 Qxe4+ 39.
Kh3 Qh1+ 40. Kg4 Qe4+ 41. Kh3 Qf5+ 42. Kg2 Qf7 43. Qc8 Qxd5+ 44. Kh2 Qf7 45. g4 a5 46. h5 gxh5 47. g5 Qf2+ 48. Kh3 Qf3+ 49. Kh2 Qf2+ 50. Kh3 a4 51. g6 Qf1+ 52. Kh2 Qe2+ 53.
Kh1 Qd1+ 54. Kh2 Qc2+ 55. Qxc2 1-0

[Event "*** SCC Grand Prix: Titled Tuesday Blitz"]
[Site "Chess.com"]
[Date "2020.10.06"]
[Round "10"]
[White "mhennigan"]
[Black "Morshynska"]
[Result "1-0"]
[WhiteElo "2410"]
[BlackElo "2229"]
[TimeControl "180+1"]
[EndTime "11:58:51 PDT"]
[Termination "mhennigan won on time"]

1. g3 d5 2. Bg2 c6 3. d3 Nf6 4. Nf3 Bg4 5. O-O Nbd7 6. Nc3 e6 7. h3 Bxf3 8. Bxf3 g6 9. Bg2 Bg7 10. e4 O-O 11. f4 dxe4 12. dxe4 Nc5 13. Be3 Qa5 14. a3 Na4 15. Nxa4 Qxa4 16. b3 Qa5 17.
Qe1 Qxe1 18. Raxe1 Rfd8 19. Rd1 b6 20. c4 Nd7 21. e5 Rac8 22. b4 Nb8 23. Kf2 f6 24.
exf6 Bxf6 25. g4 Bb2 26. a4 Kf7 27. Be4 Ba3 28. b5 cxb5 29. cxb5 Ke7 30. Kf3 Bc5 31. Bc1 Nd7 32. g5 e5 33. f5 gxf5 34. Bxf5 Rb8 35. Bxh7 Bd4 36. Ba3+ Ke6 37. Kg4 Nc5 38. Bf5+ Kd5 39. h4 e4 40. h5 e3 41. Rfe1 Re8 42.
h6 Ke5 43. g6 Rh8 44. h7 Rb7 45.
Rxd4 Kxd4 46. Bb2+ Kc4 47. Bxh8 Nxa4 48. g7 Kxb5 49. g8=Q a5 50. Qd5+ Ka6 51. Bd4 Ka7 52. Be4 Rb8 53. Qd7+ Ka6 54. Qxa4 1-0

[Event "*** SCC Grand Prix: Titled Tuesday Blitz"]
[Site "Chess.com"]
[Date "2020.10.06"]
[Round "10"]
[White "alejanchess73"]
[Black "ExcitingTrap"]
[Result "1/2-1/2"]
[WhiteElo "2425"]
[BlackElo "2282"]
[TimeControl "180+1"]
[EndTime "11:58:52 PDT"]
[Termination "Game drawn by repetition"]

1. b3 Nf6 2. Bb2 g6 3. Nf3 Bg7 4. g3 O-O 5. Bg2 d6 6. O-O e5 7.
c4 Nc6 8. Nc3 Bf5 9. d3 e4 10.
Nh4 exd3 11. exd3 Bg4 12. Qd2 Nd4 13. h3 Bd7 14. Kh2 Qc8 15. Rae1 h6 16. f4 c6 17. Qf2 Nf5 18. Nxf5 Bxf5 19. d4 h5 20. Re3 Nh7 21. Qd2 Qd7 22. d5 c5 23. Ne4 Bxe4 24.
Rxe4 Nf6 25. Re2 Rae8 26. Rfe1 Rxe2 27. Rxe2 Re8 28. Kg1 Kf8 29. Kf2 b6 30. Bc3 Kg8 31.
Qb2 Rxe2+ 32. Qxe2 Ne4+ 33. Qxe4 Bxc3 34. Kf3 a5 35.
Bf1 Bg7 36. Kg2 Kf8 37. Bd3 Qe7 38. Qxe7+ Kxe7 39. g4 hxg4 40. hxg4 Bd4 41. Kf3 Kf8 42. Ke4 f6 43. Kf3 Kf7 44. Bc2 Bc3 45. Ke2 Bd4 46.
Kd3 Bb2 47. Bd1 Bc1 48. Ke4 Bb2 49. Bc2 Bd4 50. Kf3 Kg7 51. a3 Bb2 52. a4 Bd4 53. Kg3 Be3 54. Kf3 Bd4 55. Bd3 Kf7 56. Ke4 Kg7 57.
Be2 Kf7 58. Bf3 Ke7 59. Bg2 Kf7 60. Bf1 Kg7 61. Kf3 Kf7 62. Bd3 Bc3 63. Bc2 Bd4 64. Ke4 Bc3 65. Kf3 Bd4 66. Kg3 Be3 67. Bd3 Bd4 68. Be4 Bc3 69. Bb1 Bd2 70. Kf3 Bc3 71. Ke3 Bd4+ 72. Kd3 Bb2 73. Bc2 Bc1 74. Ke4 Bb2 75.
g5 f5+ 76. Kf3 Bd4 77. Bd3 Kg7 78. Bc2 Kf7 79. Bd3 Kg7 80. Bc2 Kf7 1/2-1/2

[Event "*** SCC Grand Prix: Titled Tuesday Blitz"]
[Site "Chess.com"]
[Date "2020.10.06"]
[Round "10"]
[White "Gurvich_Vitaly"]
[Black "AlexeiShirov"]
[Result "0-1"]
[WhiteElo "2651"]
[BlackElo "2844"]
[TimeControl "180+1"]
[EndTime "11:58:54 PDT"]
[Termination "AlexeiShirov won on time"]

1. c4 c6 2. Nf3 d5 3. e3 Nf6 4. b3 Bg4 5. Bb2 Nbd7 6. h3 Bxf3 7. Qxf3 e5 8. cxd5 cxd5 9. Bb5 Bd6 10. O-O O-O 11.
Nc3 e4 12. Qd1 Ne5 13. d4 Ng6 14. f4 Nh4 15. Qe1 Nh5 16. Be2 g6 17. Nxd5 Ng7 18. Nc3 Re8 19. Qf2 Rc8 20. Rac1 Bb4 21. a3 Ba5 22. b4 Bb6 23. Rfd1 Nhf5 24. Na4 Bc7 25. Nc5 b6 26. Nb3 h5 27. Ba6 Rb8 28. d5 Bd6 29.
Bb5 Re7 30. Bc6 Rc7 31. Kh2 h4 32. Kg1 Nh5 33. Nd2 Nhg3 34. Ba1 Bf8 35. Nc4 Bg7 36.
Bxg7 Nxg7 37. b5 N7f5 38. d6 Rcc8 39. d7 Rc7 40. Ne5 Qe7 41. Qa2 Rd8 42. Nxg6 Qf6 43.
Ne5 Nxe3 44. Re1 Qxf4 45. Ng4 Nxg4 46. hxg4 Rcxd7 47. Bxd7 Rxd7 48. Rc8+ Kg7 49. Qb2+ f6 50. Qc2 e3 51. Rc6 Qxg4 52. Rc7 e2 53. Rxd7+ Qxd7 54. Qc3 Qf5 55. Kh2 Qf1 56. Qc7+ Kg6 57. Qc2+ f5 58. Qc6+ Kg5 59. Qc1+ Qf4 0-1

[Event "*** SCC Grand Prix: Titled Tuesday Blitz"]
[Site "Chess.com"]
[Date "2020.10.06"]
[Round "10"]
[White "Azerichess"]
[Black "Alexander_Moskalenko"]
[Result "1-0"]
[WhiteElo "2941"]
[BlackElo "2825"]
[TimeControl "180+1"]
[EndTime "11:58:56 PDT"]
[Termination "Azerichess won by resignation"]

1. d4 d5 2. c4 c6 3. Nf3 Nf6 4. Qb3 dxc4 5. Qxc4 Bg4 6. Nbd2 Nbd7 7. g3 e6 8. Bg2 Be7 9. O-O O-O 10. Qb3 Qb6 11. Nc4 Qa6 12. Bd2 Nb6 13. Rfc1 Nxc4 14. Qxc4 Qxc4 15.
Rxc4 Ne4 16. Ba5 Rfc8 17. e3 Bxf3 18. Bxf3 f5 19. Kg2 Kf7 20. Rac1 g6 21. h4 h5 22. a4 Bd8 23. Bxd8 Rxd8 24. Bxe4 fxe4 25. Rb4 Rab8 26.
Rc5 Kf6 27. Re5 b5 28. a5 Rd5 29. Rxe4 a6 30. Rf4+ Rf5 31. Kf3 Rc8 32. Rb3 c5 33.
dxc5 Rxc5 34. Rc3 Ke7 35. Rxf5 Rxf5+ 36. Ke2 b4 37. Rc7+ Kf6 38. Rb7 Rxa5 39. Rxb4 Ra2 40. Kf3 a5 41. Rb6 a4 42. e4 Ke5 43.
Ke3 Ra1 44. Rb5+ Kf6 45. Kf4 Rb1 46. e5+ Kg7 47. Kg5 a3 48. Rb7+ Kf8 49. Ra7 axb2 50.
Rb7 Re1 51. Rxb2 Rxe5+ 52. Kxg6 Rf5 53. f4 Ke7 54. Rb7+ Kd6 55. Rh7 Rf8 56. Kxh5 Kd5 57. Rg7 Ke4 58. Kg4 Rh8 59. Rg5 Rh6 60. h5 Kd4 61.
Rg6 Rh8 62. Rxe6 Kd5 63. Rg6 1-0